Map: Void Training Stage 3

Players

Player 2 - Winner!

  • Race: Terran Terran
  • Spawn Location: 6:00

winzboy

  • Race: Protoss Protoss
  • League: Gold
  • Spawn Location: 12:00

VOD

Have the link to the VOD?

Description

Time

  • Played on: May 24, 2023, 11:59 a.m.
  • Length: 3:36
Show
View Real Time Build Order
Export as new Build Order

Player 2 Terran - Winner!

Build Orders:  

Get SALT Encoding   

  12  0:00  SCV  
  13  0:13  SCV  
  14  0:20  Supply Depot  
  14  0:25  SCV  
  15  0:41  SCV  
  16  0:43  Barracks  
  16  0:49  Refinery  
  16  0:53  SCV  
  17  1:05  SCV  
  18  1:17  Supply Depot  
  18  1:31  Marine  
  19  1:33  Orbital Command, Barracks  
  19  1:42  Refinery  
  19  1:50  Barracks Tech Lab  
  19  2:02  Factory  
  19  2:08  Marine  
  20  2:19  Marine  
  21  2:23  Supply Depot  
  21  2:27  Marine  
  22  2:37  Marine  
  23  2:45  Marine  
  23  2:49  SCV  
  27  2:51  Hellion  
  27  2:59  Marine  
  27  3:01  SCV  
  27  3:04  Supply Depot  
  31  3:13  Hellion, SCV  
  31  3:15  Engineering Bay  
Show
View Real Time Build Order
Export as new Build Order

winzboy Protoss 

Build Orders:  

Get SALT Encoding   

  12  0:40  Probe  
  13  0:57  Probe  
  14  1:09  Probe  
Tags
 
League
Gold
Matchup
PvT
Replay Pack
Multiplayer
Spawn Locations
Cross Positions
Add a new tag
Caveats
  • Supply blocks, unpowered buildings, or Contaminate may cause inaccurate times.
  • Supply counts are checked every 10 seconds.